 Dungeon Crawl Stone Soup version 0.29.1-15-g9cfb28693d (webtiles) character file.

Game seed: 9324108765428880384

19291 Cape the Ogre Mage (level 12, -5/96 HPs)
             Began as an Ogre Conjurer on Feb 22, 2023.
             Was a Priest of Vehumet.
             Killed from afar by an oklob plant (20 damage)
             ... with a splash of acid
             ... on level 11 of the Dungeon.
             The game lasted 01:35:45 (17416 turns).

Cape the Ogre Mage (Ogre Conjurer)                 Turns: 17416, Time: 01:35:46

Health: -5/96      AC: -2    Str: 14    XL:     12   Next: 67%
Magic:  34/36      EV: 10    Int: 29    God:    Vehumet [***...]
Gold:   529        SH:  0    Dex:  7    Spells: 21/33 levels left

rFire   + . .      SeeInvis .   M - staff of air
rCold   + . .      Faith    .   (no shield)
rNeg    . . .      Spirit   .   m - +2 robe {rC+ rF+}
rPois   .          Reflect  .   O - +2 hat {Stlth+}
rElec   +          Harm     .   A - +2 cloak {Will+}
rCorr   .          Rampage  .   (gloves unavailable)
Will    ++...                   (boots unavailable)
Stlth   ++........              B - amulet of regeneration
HPRegen 1.06/turn               J - ring of magical power
MPRegen 0.25/turn               I - +6 ring of intelligence

@: corroded
A: large, unfitting armour, tough skin 1
a: Renounce Religion


You were on level 11 of the Dungeon.
You worshipped Vehumet.
Vehumet was most pleased with you.
You visited 2 branches of the dungeon, and saw 13 of its levels.
You also visited: Bailey.

You collected 709 gold pieces.
You spent 180 gold pieces at shops.

Inventory:

Hand Weapons
 o - a +1 bardiche
 N - a +1 demon whip of venom
Missiles
 f - 5 large rocks (quivered)
 z - 5 datura-tipped darts
 Q - 2 curare-tipped darts
 R - 29 poisoned darts
Armour
 m - a +2 robe of resistance (worn)
 A - a +2 cloak of willpower (worn)
 O - a +2 hat of stealth (worn)
Magical Staves
 M - a staff of air (weapon)
Jewellery
 h - a +4 ring of protection
 B - an amulet of regeneration (around neck)
 C - an amulet of reflection
 I - a +6 ring of intelligence (right hand)
 J - a ring of magical power (left hand)
 K - a ring of wizardry
 P - a ring of magical power
 T - a ring of willpower
Wands
 p - a wand of flame (16)
 t - a wand of polymorph (9)
 v - a wand of paralysis (4)
Scrolls
 g - 2 scrolls of vulnerability
 i - a scroll of immolation
 k - a scroll of enchant weapon
 n - 3 scrolls of teleportation
 q - 2 scrolls of blinking
 r - 2 scrolls of magic mapping
 u - a scroll of summoning
 y - 2 scrolls of fog
 D - a scroll of enchant armour
 G - a scroll of fear
 S - a scroll of brand weapon {unknown}
 U - 3 scrolls of identify
Potions
 a - 3 potions of attraction
 b - 2 potions of magic
 d - 3 potions of mutation
 e - 2 potions of haste
 j - a potion of heal wounds
 l - 2 potions of curing
 s - a potion of invisibility
 w - 2 potions of might
 x - a potion of experience {unknown}
 E - 3 potions of flight
 F - a potion of ambrosia {unknown}
 H - a potion of berserk rage
 L - a potion of cancellation


   Skills:
 - Level 6.0 Polearms
 + Level 5.0 Dodging
 - Level 1.4 Stealth
 + Level 11.1 Spellcasting
 + Level 9.6 Conjurations
 * Level 6.0 Summonings
 - Level 7.1 Translocations
 - Level 7.5 Air Magic


You had 21 spell levels left.
You knew the following spells:

 Your Spells              Type           Power      Damage    Failure   Level
a - Magic Dart            Conj           100%       1d8       1%          1
b - Searing Ray           Conj           100%       2d8       1%          2
c - Iskenderun's Mystic   Conj/Tloc      60%        2d13      1%          4
d - Swiftness             Air            74%        N/A       1%          3
e - Blink                 Tloc           100%       N/A       1%          2

Your spell library contained the following spells:

 Spells                   Type           Power      Damage    Failure   Level
 Inner Flame              Hex/Fire       16%        N/A       2%          3
 Apportation              Tloc           100%       N/A       1%          1
 Summon Small Mammal      Summ           100%       N/A       1%          1
 Call Imp                 Summ           50%        N/A       1%          2
 Call Canine Familiar     Summ           50%        N/A       1%          3
 Dazzling Flash           Conj/Hex       88%        N/A       1%          3
 Mephitic Cloud           Conj/Pois/Air  65%        N/A       1%          3
 Fulminant Prism          Conj/Hex       22%        3d13      1%          4
 Passage of Golubria      Tloc           55%        N/A       1%          4
 Portal Projectile        Hex/Tloc       72%        N/A       2%          3
 Necrotise                Necr           64%        1d7       3%          1
 Summon Guardian Golem    Hex/Summ       33%        N/A       3%          3
 Ensorcelled Hibernation  Hex/Ice        32%        N/A       4%          2
 Passwall                 Tmut/Erth      13%        N/A       4%          2
 Sublimation of Blood     Necr           16%        N/A       4%          2
 Wereblood                Tmut           16%        N/A       4%          2
 Manifold Assault         Tloc           55%        N/A       4%          5
 Tukima's Dance           Hex            16%        N/A       10%         3
 Orb of Destruction       Conj           32%        9d10      14%         7
 Silence                  Hex/Air        27%        N/A       21%         5
 Spellforged Servitor     Conj/Summ      29%        N/A       28%         7
 Blade Hands              Tmut           8%         N/A       67%         5
 Summon Hydra             Summ           25%        N/A       93%         7
 Storm Form               Tmut/Air       27%        N/A       99%         7
 Lehudib's Crystal Spear  Conj/Erth      22%        10d6      99%         8


Dungeon Overview and Level Annotations

Branches:
Dungeon (12/15)            Temple (1/1) D:6            Lair (0/5) D:11
    Orc (0/2) D:12         Bailey (visited)

Altars:
Ashenzari
Cheibriados
Dithmenos
Elyvilon
Fedhas
Gozag
Hepliaklqana
Kikubaaqudgha
Makhleb
Nemelex Xobeh
Okawaru
Qazlal
Ru
Sif Muna
Trog
Uskayaw
Vehumet
Wu Jian
Xom
Yredelemnul
Zin
The Shining One

Shops:
D:3 *   D:4 *

Annotations:
D:11 exclusions: oklob plant and 1 more exclusion


Innate Abilities, Weirdness & Mutations

You are too large for most types of armour.
You have tough skin. (AC +1)


Message History

Aim: an oklob plant (98% to hit)
You throw a poisoned dart. The poisoned dart hits the oklob plant.
Throw: 31 darts (poison)
Press: ? - help, Q - select action, (/) - cycle Shift-Dir - straight line, f/p - oklob plant
Aim: an oklob plant (98% to hit)
You throw a poisoned dart. The poisoned dart hits the oklob plant.
The oklob plant spits acid at you. The splash of acid hits you!
Throw: 30 darts (poison)
Press: ? - help, Q - select action, (/) - cycle Shift-Dir - straight line, f/p - oklob plant
Aim: an oklob plant (98% to hit)
You throw a poisoned dart. The poisoned dart hits the oklob plant.
The oklob plant is poisoned.
The oklob plant spits acid at you. The splash of acid misses you.
Throw: 7 large rocks
Press: ? - help, Shift-Dir - straight line, f/p - oklob plant
Aim: an oklob plant (lightly damaged, poisoned, 98% to hit)
You throw a large rock. The large rock hits the oklob plant!
The oklob plant is moderately damaged.
The oklob plant spits acid at you. The splash of acid hits you!!
The acid corrodes you!
Throw: 6 large rocks
Press: ? - help, Shift-Dir - straight line, f/p - oklob plant
Aim: an oklob plant (moderately damaged, poisoned, 98% to hit)
You throw a large rock.
The large rock hits the oklob plant but does no damage.
The oklob plant is moderately damaged.
The oklob plant spits acid at you. The splash of acid hits you!!
The acid corrodes you! The oklob plant spits acid at you.
The splash of acid hits you!!
* * * LOW HITPOINT WARNING * * *
The acid corrodes you!
Casting: Magic Dart (safe; 1% risk of failure)
Confirm with . or Enter, or press ? or * to list all spells.
You blink.
The oklob plant spits acid at you. The splash of acid hits you!!
You die...

#######.......#######......#
####...#.!.≈...#..#'##
#.....#...#......# #####
#....##P..##...###
....######..#....PP...#.#####
....'...##..#≈.§.>...≈#.....#
....###.....#.........#.....#
.(..# ####....##P.P##.......#
....# #.....#@..#........#
....# #...#...≈...#......#
##### ##....#######.......# #
#..#### #.......# ## #.##
##'###### .# #.# #.# '####
#.# ##'#### ....# #.#
######.....# ....#
##'######....'.....#


You could see an oklob plant (poisoned).

Vanquished Creatures
  Gastronok (D:9)
  2 boulder beetles
  A hydra (D:9)
  A centaur warrior (D:10)
  2 two-headed ogres
  Amaemon (D:10)
  A deep elf zephyrmancer (Bailey)
  An orc knight (Bailey)
  An ugly thing (D:11)
  3 cyclopes
  A manticore (D:11)
  An orange demon (D:11)
  An unseen horror (D:10)
  7 trolls
  2 hornets (D:9)
  3 slime creatures (D:12)
  Sigmund (D:6)
  2 shadows
  17 yaks
  A vampire (D:12)
  A wraith (D:11)
  2 wyverns
  A basilisk (D:12)
  2 steam dragons
  A water moccasin (D:8)
  3 floating eyes (D:9)
  9 orc warriors
  2 black bears
  2 ice beasts
  A sky beast (D:4)
  2 centaurs
  A phantom (D:4)
  5 kobold brigands
  4 bullfrogs
  2 gnoll sergeants
  2 necrophages
  A scorpion (D:7)
  4 wights (D:9)
  11 killer bees
  A howler monkey (D:9)
  A crimson imp (D:6)
  A hound (D:6)
  A jelly (D:6)
  6 orc priests
  2 iguanas
  6 orc wizards
  12 adders
  4 gnolls (D:7)
  A shadow imp (D:7)
  2 white imps (D:6)
  An ufetubus (D:6)
  2 worms (D:2)
  2 dart slugs
  19 orcs
  4 endoplasms
  6 giant cockroaches
  6 hobgoblins
  6 jackals
  6 quokkas
  8 ball pythons
  5 bats
  A frilled lizard (D:1)
  9 goblins
  12 kobolds
  3 rats
233 creatures vanquished.

Vanquished Creatures (others)
  10 plants (D:11)
10 creatures vanquished.

Grand Total: 243 creatures vanquished

Notes
Turn   | Place    | Note
-------+----------+-------------------------------------------
     0 | D:1      | Cape the Ogre Conjurer began the quest for the Orb.
     0 | D:1      | Reached XP level 1. HP: 16/16 MP: 3/3
   236 | D:1      | Reached XP level 2. HP: 24/24 MP: 1/5
   239 | D:1      | Learned a level 2 spell: Searing Ray
   412 | D:1      | Reached skill level 3 in Spellcasting
  1047 | D:1      | Found a faded altar of an unknown god.
  1383 | D:2      | Reached XP level 3. HP: 28/31 MP: 5/7
  2108 | D:2      | Reached XP level 4. HP: 39/39 MP: 5/9
  2430 | D:3      | Reached skill level 4 in Spellcasting
  2683 | D:3      | Found Mionok's General Store.
  2695 | D:3      | Bought a scroll of blinking for 90 gold pieces
  3459 | D:3      | Learned a level 4 spell: Iskenderun's Mystic Blast
  3591 | D:4      | Found Vuthe's Serpentskin Sales.
  3683 | D:4      | Reached XP level 5. HP: 45/45 MP: 7/11
  3937 | D:4      | Noticed a black bear
  3994 | D:4      | Found a shimmering blue altar of Sif Muna.
  3994 | D:4      | Found a hazy altar of Hepliaklqana.
  3996 | D:4      | Found a hide-covered altar of Uskayaw.
  4009 | D:4      | Found an iron altar of Okawaru.
  4021 | D:4      | Reached skill level 1 in Translocations
  4106 | D:4      | Killed a black bear
  4107 | D:4      | Reached skill level 1 in Polearms
  4107 | D:4      | Reached XP level 6. HP: 53/53 MP: 2/12
  4237 | D:4      | Noticed a sky beast
  4246 | D:4      | Killed a sky beast
  4537 | D:4      | Reached skill level 5 in Spellcasting
  4537 | D:4      | Reached XP level 7. HP: 50/59 MP: 4/14
  4859 | D:3      | Bought a scroll of enchant armour for 90 gold pieces
  4976 | D:5      | Entered Level 5 of the Dungeon
  5053 | D:5      | Found a sacrificial altar of Ru.
  5926 | D:6      | Reached skill level 5 in Conjurations
  6432 | D:6      | Found a burning altar of Makhleb.
  6441 | D:6      | Reached XP level 8. HP: 67/67 MP: 7/16
  6647 | D:6      | Noticed Sigmund
  6657 | D:6      | Killed Sigmund
  6777 | D:6      | Found a staircase to the Ecumenical Temple.
  6786 | Temple   | Entered the Ecumenical Temple
  6956 | Temple   | Became a worshipper of Vehumet
  7253 | D:7      | Noticed a wyvern
  7260 | D:7      | Killed a wyvern
  7261 | D:7      | Reached skill level 6 in Spellcasting
  7334 | D:7      | Reached skill level 5 in Translocations
  7523 | D:7      | Found a broken altar of Ashenzari.
  7607 | D:7      | Found a flagged portal.
  7613 | Bailey   | Entered a bailey
  7883 | Bailey   | Reached XP level 9. HP: 33/74 MP: 6/18
  8025 | Bailey   | Noticed an orc knight
  8070 | Bailey   | Killed an orc knight
  8071 | Bailey   | Reached skill level 7 in Spellcasting
  8219 | Bailey   | Found a large runed translucent door.
  8219 | Bailey   | Found a large runed translucent door.
  8220 | Bailey   | Noticed a deep elf zephyrmancer
  8334 | Bailey   | Killed a deep elf zephyrmancer
  8335 | Bailey   | Reached skill level 5 in Polearms
  8356 | Bailey   | Identified the +0 ring mail "Qitauziy" {rN+ Will+ Str+2
                  | Int+6}
  8493 | D:7      | Reached * piety under Vehumet
  8493 | D:7      | Offered knowledge of Shock by Vehumet.
  8642 | D:7      | Learned a level 3 spell: Swiftness
  8799 | D:7      | Reached skill level 1 in Air Magic
  9691 | D:8      | Reached XP level 10. HP: 71/81 MP: 5/21
 10661 | D:9      | Found a shimmering altar of Xom.
 10662 | D:9      | Found a shimmering altar of Xom.
 10662 | D:9      | Found a shimmering altar of Xom.
 10663 | D:9      | Found a shimmering altar of Xom.
 10664 | D:9      | Found a shimmering altar of Xom.
 10664 | D:9      | Found a shimmering altar of Xom.
 10666 | D:9      | Found a shimmering altar of Xom.
 10863 | D:9      | Reached skill level 8 in Spellcasting
 11849 | D:9      | Noticed a two-headed ogre
 12106 | D:9      | Noticed Gastronok
 12180 | D:9      | Killed Gastronok
 12181 | D:9      | Reached skill level 5 in Air Magic
 12582 | D:9      | Reached skill level 9 in Spellcasting
 12642 | D:9      | Reached XP level 11. HP: 88/88 MP: 24/24
 12883 | D:9      | Noticed a five-headed hydra
 12892 | D:9      | Killed a five-headed hydra
 13421 | D:9      | Reached ** piety under Vehumet
 13593 | D:9      | Killed a two-headed ogre
 13788 | D:10     | Entered Level 10 of the Dungeon
 13805 | D:10     | Offered knowledge of Sandblast by Vehumet.
 14139 | D:10     | Learned a level 2 spell: Blink
 14256 | D:10     | Reached skill level 1 in Summonings
 14285 | D:10     | Reached skill level 10 in Spellcasting
 14480 | D:10     | You fall into a shaft and drop 2 floors!
 14480 | D:12     | Found a shadowy altar of Dithmenos.
 14894 | D:12     | Noticed a cyclops
 14898 | D:12     | Noticed a boulder beetle
 14899 | D:12     | Killed a cyclops
 14967 | D:12     | Killed a boulder beetle
 14968 | D:12     | Reached XP level 12. HP: 42/96 MP: 3/26
 15138 | D:12     | Found a staircase to the Orcish Mines.
 15300 | D:11     | Noticed a boulder beetle
 15329 | D:11     | Killed a boulder beetle
 15497 | D:11     | Noticed a two-headed ogre
 15505 | D:11     | Killed a two-headed ogre
 15781 | D:11     | Found a staircase to the Lair.
 16022 | D:11     | Offered knowledge of Inner Flame by Vehumet.
 16023 | D:11     | Reached skill level 5 in Summonings
 16108 | D:11     | Noticed Amaemon
 16621 | D:10     | Found a large runed translucent door.
 16622 | D:10     | Found a large runed translucent door.
 16926 | D:10     | Found an ornate altar of the Wu Jian Council.
 16933 | D:10     | Found a white marble altar of Elyvilon.
 16933 | D:10     | Noticed a centaur warrior
 16951 | D:10     | Killed a centaur warrior
 16952 | D:10     | Reached skill level 11 in Spellcasting
 17104 | D:10     | Killed Amaemon
 17105 | D:10     | Reached skill level 5 in Dodging
 17214 | D:11     | Reached *** piety under Vehumet
 17416 | D:11     | Killed from afar by an oklob plant

Illustrated notes

Levels and vault maps discovered:
D:1:      dpeg_arrival_central, layout_basic,
          shapermc_ecumenical_altar_hornbeckon, chequers_serial_rivers_small_3,
          minmay_misc_feat_rugged
D:2:      layout_rooms
D:3:      layout_basic, serial_shops, shop, minmay_circle_x
D:4:      layout_rooms, nicolae_overflow_quartered_altars,
          minmay_misc_feat_rows, eino_tiny_chamber, abandoned_shop,
          guppyfry_shop_venom
D:5:      layout_rooms, nicolae_ru_sacrificial_ziggurat
D:6:      layout_basic, makhleb_grotto_becter, minmay_temple_entry_purple_smoke,
          small_statue_intersection, amcnicky_mini_corridor_feature,
          uniq_sigmund
D:7:      layout_basic, lemuel_doored_altar, enter_bailey_3, minivault_24
D:8:      layout_basic
D:9:      layout_stronghold, nicolae_xom_altar_mimics, onia_ninara_cookie,
          uniq_gastronok
D:10:     layout_roguey, jmf_multi_god_temple2, minmay_misc_feat_secret_circle
D:11:     layout_roguey, dpeg_oklobed_lair, hangedman_decor_slide_cut,
          kennysheep_generic_room_3, uniq_amaemon
D:12:     layout_roguey, orc_0_dummy, nicolae_dithmenos_shadow_blocks
Temple:   hellmonk_temple_forest_ring

Skill      XL: |  1  2  3  4  5  6  7  8  9 10 11 12 |
---------------+-------------------------------------+-----
Dodging        | 2 3 5 |  5.0
Spellcasting   | 3 4 5 6 7 9 10 11 | 11.1
Conjurations   | 4 5 6 7 9 |  9.6
Translocations | 2 4 5 7 |  7.1
Polearms       | 1 2 3 4 5 6 |  6.0
Air Magic      | 1 6 7 |  7.5
Summonings     | 3 6 |  6.0
Stealth        | |  1.4

Action                   |  1- 3 |  4- 6 |  7- 9 | 10-12 || total
-------------------------+-------+-------+-------+-------++-------
Melee: Unarmed           |     5 |       |       |       ||     5
       Spear             |    34 |    27 |       |       ||    61
       Punch             |       |     1 |       |       ||     1
       Trident           |       |       |     2 |       ||     2
       Bardiche          |       |       |    27 |    17 ||    44
Throw: Dart              |       |       |     1 |    21 ||    22
       Large rock        |       |       |       |     6 ||     6
 Cast: Magic Dart        |    51 |    38 |    43 |    68 ||   200
       Searing Ray       |    10 |    24 |    68 |   115 ||   217
       Iskenderun's Myst |       |       |    17 |    90 ||   107
       Swiftness         |       |       |       |     3 ||     3
       Blink             |       |       |       |     8 ||     8
Evoke: Wand              |       |       |     2 |     2 ||     4
  Use: Scroll            |     3 |     3 |    14 |     9 ||    29
       Potion            |       |     1 |     6 |     6 ||    13
 Stab: Sleeping          |     1 |       |       |       ||     1
Armor: Robe              |    30 |    23 |   101 |    80 ||   234
Dodge: Dodged            |    46 |    18 |    76 |    90 ||   230
